Map: Orbital Shipyard

Players

spottthefish

  • Race: Zerg Zerg

Bop - Winner!

  • Race: Protoss Protoss

VOD

Have the link to the VOD?

Description

Time

  • Played on: May 7, 2015, 2:58 a.m.
  • Length: 9:04
Show
View Real Time Build Order
Export as new Build Order

spottthefish Zerg 

Build Orders: 3 Hatch before Pool, Lurkers 

Get SALT Encoding   

  12  0:01  Drone  
  13  0:09  Drone  
  14  0:21  Overlord  
  14  0:27  Extractor  
  14  0:28  Drone  
  14  0:29  Drone, Extractor  
  16  0:40  Drone  
  17  0:44  Drone  
  18  0:56  Drone  
  19  1:05  Hatchery  
  18  1:19  Hatchery  
  17  1:29  Drone  
  17  1:31  Extractor  
  18  1:32  Drone  
  18  1:39  Spawning Pool  
  17  1:41  Drone  
  17  1:44  Drone  
  19  1:56  Drone  
  20  2:04  Drone  
  21  2:12  Overlord  
  21  2:25  Queen  
  21  2:26  Queen  
  21  2:28  Zergling x4  
  27  2:39  Drone x4  
  31  2:46  Metabolic Boost  
  31  2:59  Drone x5  
  36  3:06  Queen  
  36  3:12  Overlord  
  37  3:24  Queen  
  37  3:25  Overlord  
  39  3:28  Lair  
  39  3:34  Zergling x4  
  41  3:52  Drone x2  
  41  3:53  Drone x3  
  46  4:03  Drone x6  
  46  4:05  Overlord  
  46  4:09  Extractor  
  51  4:10  Drone x4, Extractor  
  51  4:11  Drone  
  55  4:23  Drone x5  
  54  4:35  Drone  
  54  4:36  Drone x6  
  61  4:48  Zergling x2  
  61  4:49  Zergling x6, Extractor  
  61  4:51  Hydralisk Den  
  63  4:59  Overlord  
  63  5:00  Overlord x2, Extractor  
  63  5:05  Drone x2  
  63  5:06  Drone x2  
  65  5:09  Overlord x3  
  65  5:17  Zergling x2  
  65  5:18  Overlord x3  
  65  5:21  Muscular Augments  
  65  5:27  Extractor  
  64  5:30  Spore Crawler  
  64  5:33  Spore Crawler  
  62  5:39  Hydralisk x5  
  62  5:42  Overlord  
  72  5:44  Drone  
  73  5:51  Hydralisk x2  
  77  6:03  Hydralisk  
  77  6:04  Hydralisk x3  
  85  6:15  Drone x7  
  85  6:16  Overlord  
  92  6:20  Spore Crawler  
  83  6:36  Hydralisk x3  
  83  6:39  Lurker Den  
  89  6:42  Drone x7, Spore Crawler  
  89  6:47  Zergling x8  
  99  6:57  Overlord x2  
  98  7:22  Hatchery  
  96  7:25  Hydralisk x3  
  96  7:28  Zergling x18  
  96  7:29  Zergling x6  
  113  7:36  Drone  
  113  7:37  Drone x4  
  118  7:47  Overlord x2  
  118  7:53  Infestation Pit  
  117  8:06  Lurker x5  
  117  8:07  Lurker  
  117  8:08  Zergling x2  
  117  8:09  Zergling x22  
  117  8:12  Drone  
  136  8:15  Hydralisk x4  
  144  8:23  Overlord x2  
  144  8:27  Evolution Chamber  
  144  8:28  Evolution Chamber  
  142  8:38  Zergling x10  
  142  8:39  Zergling x4  
  118  8:43  Zergling x4  
Show
View Real Time Build Order
Export as new Build Order

Bop Protoss - Winner!

Build Orders: Nexus First 

Get SALT Encoding   

  12  0:00  Probe  
  13  0:13  Probe  
  14  0:41  Nexus  
  14  0:50  Pylon  
  14  1:08  Gateway, Probe (Chrono Boost)  
  16  1:18  Assimilator  
  16  1:19  Probe (Chrono Boost)  
  16  1:25  Probe (Chrono Boost)  
  17  1:36  Probe (Chrono Boost)  
  18  1:42  Probe (Chrono Boost)  
  20  1:54  Probe (Chrono Boost)  
  20  1:55  Cybernetics Core  
  20  2:01  Probe (Chrono Boost)  
  21  2:02  Probe (Chrono Boost)  
  22  2:11  Probe (Chrono Boost)  
  22  2:15  Pylon  
  24  2:16  Probe (Chrono Boost)  
  24  2:23  Probe (Chrono Boost)  
  26  2:31  Probe (Chrono Boost)  
  26  2:32  Probe (Chrono Boost)  
  26  2:36  Gateway, Adept (Chrono Boost), Warp Gate  
  29  2:44  Probe x2 (Chrono Boost)  
  31  2:54  Probe x2 (Chrono Boost)  
  33  3:00  Assimilator  
  33  3:01  Probe x2  
  33  3:03  Adept (Chrono Boost)  
  33  3:05  Assimilator  
  37  3:13  Probe (Chrono Boost)  
  37  3:18  Mothership Core (Chrono Boost)  
  40  3:23  Adept  
  40  3:25  Probe (Chrono Boost)  
  44  3:35  Probe (Chrono Boost)  
  44  3:39  Pylon  
  44  3:48  Pylon  
  44  3:57  Probe x2, Adept x2  
  50  4:06  Stargate  
  50  4:09  Probe x2 (Chrono Boost), Stargate  
  52  4:14  Assimilator  
  52  4:20  Probe x2 (Chrono Boost)  
  54  4:26  Probe x2 (Chrono Boost)  
  58  4:38  Probe x2 (Chrono Boost)  
  58  4:39  Gateway  
  58  4:41  Gateway  
  59  4:46  Probe (Chrono Boost)  
  59  4:56  Pylon  
  59  4:58  Pylon  
  59  5:07  Pylon  
  59  5:09  Probe  
  60  5:14  Nexus, Oracle (Chrono Boost)  
  60  5:16  Fleet Beacon  
  60  5:20  Oracle (Chrono Boost)  
  67  5:21  Probe  
  67  5:22  Protoss Air Weapons Level 1 (Chrono Boost)  
  67  5:29  Stalker, Forge  
  67  5:30  Stalker  
  67  5:33  Probe (Chrono Boost)  
  73  5:38  Probe (Chrono Boost)  
  73  5:47  Probe x2 (Chrono Boost), Void Ray (Chrono Boost)  
  79  5:52  Pylon  
  79  5:57  Probe x2  
  79  6:03  Adept  
  83  6:04  Protoss Shields Level 1  
  83  6:07  Assimilator  
  83  6:09  Probe  
  83  6:10  Probe  
  85  6:12  Assimilator  
  85  6:14  Graviton Catapult (Chrono Boost), Pylon  
  85  6:21  Probe  
  85  6:24  Probe  
  87  6:33  Probe  
  87  6:34  Probe  
  87  6:36  Probe  
  87  6:37  Void Ray x2 (Chrono Boost)  
  98  6:45  Probe, Photon Cannon  
  98  6:46  Probe, Pylon  
  100  6:47  Pylon  
  100  6:48  Probe  
  101  6:57  Carrier (Chrono Boost)  
  101  7:00  Carrier (Chrono Boost)  
  101  7:03  Probe  
  101  7:07  Pylon  
  114  7:15  Adept x2  
  114  7:16  Adept x2  
  118  7:33  Robotics Facility  
  118  7:45  Carrier (Chrono Boost)  
  118  7:46  Pylon x2  
  118  7:54  Adept x4  
  132  8:07  Oracle (Chrono Boost)  
  132  8:15  Twilight Council, Pylon  
  132  8:17  Pylon  
  132  8:20  Observer (Chrono Boost)  
  132  8:22  Photon Cannon  
  132  8:24  Photon Cannon  
  133  8:31  Adept x4  
  125  9:01  Adept x4  
Tags
 
Add a new tag
Caveats
  • Supply blocks, unpowered buildings, or Contaminate may cause inaccurate times.
  • Supply counts are checked every 10 seconds.